 Dungeon Crawl Stone Soup version 0.17.0-28-g6e173f8 (webtiles) character file.

61580 4thArraOfDagon the Severer (level 14, -21/127 HPs)
             Began as a Minotaur Berserker on Nov 24, 2015.
             Was an Elder of Trog.
             Hit by a large rock thrown by a cyclops (24 damage)
             ... on level 4 of the Shoals.
             The game lasted 00:37:45 (5479 turns).

4thArraOfDagon the Severer (Minotaur Berserker)     Turns: 5479, Time: 00:37:45

Health: -21/127    AC: 24    Str: 33    XL:     14   Next: 61%
Magic:  16/16      EV: 11    Int: 11    God:    Trog [****..]
Gold:   467        SH:  0    Dex: 12    Spells: 0 memorised, 13 levels left

rFire  + + .     SeeInvis .     r - +1 battleaxe (flame)
rCold  . . .     Clarity  .     L - +1 fire dragon armour
rNeg   . . .     SustAt   .     (shield currently unavailable)
rPois  +         Gourm    .     k - +1 hat
rElec  .         Spirit   .     F - +1 cloak
rCorr  .         Warding  .     E - +0 pair of gloves "Wen Hisch" {Str+6}
rMut   .         Stasis   .     (no boots)
MR     +++..                    (no amulet)
Stlth  +.........               T - +3 ring of slaying
                                e - ring "Imoikhap" {rPois Str+4 Int+3 Stlth+}

@: exhausted, regenerating, extremely resistant to hostile enchantments, very
unstealthy
A: retaliatory headbutt, hooves 1, horns 2, thin metallic scales 1, yellow
scales 1, agile 1, breathe flames 1, cold resistance 1, sense surroundings 1,
evolution 1
a: Berserk, Trog's Hand, Brothers in Arms, Burn Spellbooks, Renounce Religion,
Breathe Fire


You were on level 4 of the Shoals.
You worshipped Trog.
Trog was greatly pleased with you.
You were not hungry.

You visited 4 branches of the dungeon, and saw 27 of its levels.
You also visited: Labyrinth and Volcano.

You collected 1134 gold pieces.
You spent 667 gold pieces at shops.

Inventory:

Hand Weapons
 g - a +0 blowgun
 r - a +1 battleaxe of flaming (weapon)
Missiles
 b - 10 curare-tipped needles
 h - 2 poisoned needles
 W - 2 throwing nets (quivered)
Armour
 k - a +1 hat (worn)
 E - the +0 pair of gloves "Wen Hisch" (worn) {Str+6}
   (You found it on level 8 of the Lair of Beasts)

   It affects your strength (+6).
 F - a +1 cloak (worn)
 L - a +1 fire dragon armour (worn)
Magical Staves
 o - an uncursed staff of energy
Rods
 c - a +4 rod of the swarm (14/14)
   (You took it off a minotaur in a labyrinth)
Jewellery
 e - the ring "Imoikhap" (left hand) {rPois Str+4 Int+3 Stlth+}
   (You bought it in a shop on level 10 of the Dungeon)

   [ring of poison resistance]

   It affects your strength (+4).
   It affects your intelligence (+3).
   It protects you from poison.
   It makes you more stealthy.
 f - an uncursed ring of see invisible
 j - an uncursed ring of fire
 s - the ring of Quokk {*Corrode rN++ Int+2 Dex+3 Stlth+}
   (You found it on level 8 of the Lair of Beasts)

   [ring of dexterity]

   It affects your intelligence (+2).
   It affects your dexterity (+3).
   It greatly protects you from negative energy.
   It may corrode your equipment when you take damage.
   It makes you more stealthy.
 x - an uncursed ring of protection from fire
 I - an uncursed ring of positive energy
 T - a +3 ring of slaying (right hand)
Wands
 q - a wand of slowing (42)
 w - a wand of slowing (11)
 y - a wand of disintegration (10)
 A - a wand of digging (11)
 C - a wand of fire (9)
 D - a wand of confusion (30)
 G - a wand of random effects (21)
 K - a wand of flame (35)
 O - a wand of draining (12)
 P - a wand of teleportation (2)
 R - a wand of paralysis (20)
 X - a wand of lightning (3)
Scrolls
 i - 4 scrolls of remove curse
 l - 4 scrolls of fear
 u - 2 scrolls of recharging
 v - 2 scrolls of immolation
Potions
 d - 6 potions of brilliance
 m - a potion of cure mutation
 n - 2 potions of lignification {unknown}
 p - a potion of haste {unknown}
 z - 2 potions of curing
 B - a potion of beneficial mutation {unknown}
 J - a potion of ambrosia {unknown}
 M - a potion of resistance {unknown}
Books
 a - a Grand Grimoire

   Spells                             Type                      Level
   a - Monstrous Menagerie            Summoning                    6
   b - Summon Greater Demon           Summoning                    7
   c - Malign Gateway                 Summoning/Translocation      7
   d - Summon Horrible Things         Summoning                    8
   Trog disapproves of the use of such an item.
 t - a book of Cantrips

   Spells                             Type                      Level
   a - Corona                         Hexes                        1
   b - Animate Skeleton               Necromancy                   1
   c - Summon Small Mammal            Summoning                    1
   d - Apportation                    Translocation                1
   Trog disapproves of the use of such an item.
 H - a book of Frost

   Spells                             Type                      Level
   a - Freeze                         Ice                          1
   b - Throw Frost                    Conjuration/Ice              2
   c - Ozocubu's Armour               Charms/Ice                   3
   d - Throw Icicle                   Conjuration/Ice              4
   e - Summon Ice Beast               Ice/Summoning                4
   f - Condensation Shield            Ice                          4
   Trog disapproves of the use of such an item.
 Q - a book of Maledictions

   Spells                             Type                      Level
   a - Corona                         Hexes                        1
   b - Ensorcelled Hibernation        Hexes/Ice                    2
   c - Confuse                        Hexes                        3
   d - Tukima's Dance                 Hexes                        3
   e - Dazzling Spray                 Conjuration/Hexes            3
   Trog disapproves of the use of such an item.
 V - a book of Flames

   Spells                             Type                      Level
   a - Flame Tongue                   Conjuration/Fire             1
   b - Throw Flame                    Conjuration/Fire             2
   c - Conjure Flame                  Conjuration/Fire             3
   d - Inner Flame                    Hexes/Fire                   3
   e - Sticky Flame                   Conjuration/Fire             4
   f - Fireball                       Conjuration/Fire             5
   Trog disapproves of the use of such an item.
Comestibles
 N - 3 meat rations
 S - 2 chunks of flesh
 U - 2 bread rations


   Skills:
 + Level 12.7 Fighting
 - Level 20.0 Axes
 * Level 16.7 Armour
 - Level 2.1 Dodging
 - Level 5.0 Evocations


You had 13 spell levels left.
You didn't know any spells.

Dungeon Overview and Level Annotations

Branches:
Dungeon (13/15)              Lair (8/8) D:8          Shoals (4/4) Lair:4
  Slime (0/6) Lair:7          Orc (2/4) D:10
 Temple: D:4-7        Snake: Lair:3-6    Spider: Lair:3-6    Vaults: D:13-14

Altars:
Cheibriados
Dithmenos
Fedhas
Nemelex Xobeh
Vehumet
Beogh

Shops:
D:10 =   Shoals:3 (   Shoals:4 (

Annotations:
D:2 Natasha
D:6 Nicoed's ghost, novice DrTm
Lair:7 Nicoed's ghost, journeyman DrFE
Shoals:4 Ilsuiw


Innate Abilities, Weirdness & Mutations

You reflexively headbutt those who attack you in melee.
You have a pair of horns on your head.
You have large cloven feet.
You are partially covered in thin metallic scales (AC +2).
You are partially covered in yellow scales (AC +2).
You are agile. (Dex +2)
You can breathe flames.
Your flesh is cold resistant.
You passively map a small area around you.
You evolve.


Message History

Moving in this stuff is going to be slow.
A sea snake and a cyclops come into view.
You feel the effects of Trog's Hand fading.
You feel yourself speed up.
The cyclops shouts!
The merfolk javelineer throws a silver javelin.
The silver javelin hits you!
* * * LOW HITPOINT WARNING * * *
The silver sears you!
* * * LOW HITPOINT WARNING * * *
You hear a splash.
The cyclops throws a large rock.
The large rock closely misses you.
You hear a splash.
The sea snake bites you!
* * * LOW HITPOINT WARNING * * *
The merfolk throws a tomahawk.
The tomahawk hits you but does no damage.
You hear a splash.
The cyclops throws a large rock.
The large rock hits you!!
You die...

≈ ≈≈≈≈≈≈≈≈≈ ≈
≈≈≈≈≈≈≈≈ ≈* ≈
≈≈≈≈≈≈≈ ## *##≈ ≈
≈≈≈≈≈≈≈ ≈# ≈≈≈ , ≈
≈ ≈≈≈≈≈≈≈ * ≈≈≈≈≈≈
≈ ≈ ≈≈≈≈≈≈≈##*≈#≈#
≈ ≈≈≈≈≈≈≈(##≈≈| ≈ ,
, ≈
≈≈≈m≈≈$≈(#S#≈#C≈# ≈
≈≈≈≈≈≈≈≈≈##@≈≈≈≈≈≈#
≈ ≈≈ ≈≈≈≈≈≈≈
##$#≈≈≈## ≈ ≈m≈≈≈≈≈
#.#*## ≈ * ≈≈≈m≈≈≈
#.###≈≈≈≈≈≈≈≈≈≈ *
##≈≈≈≈≈≈≈≈
≈≈≈≈≈≈≈≈≈≈≈P≈≈ ≈
#≈≈≈≈≈
≈≈≈≈≈≈≈≈≈P≈P≈≈
.≈≈≈≈≈≈≈≈≈≈P≈≈ ≈
...≈≈≈≈..≈≈≈P≈
..≈≈≈≈....≈≈PP


You could see a sea snake, a merfolk and a cyclops.

Vanquished Creatures
  6 dire elephants (Lair:8)
  2 merfolk javelineers
  A merfolk impaler (Shoals:3)
  3 hydras
  A minotaur (Lab)
  Erolcha (D:8)
  An anaconda (Lair:8)
  2 merfolk aquamancers (Shoals:4)
  3 merfolk avatars
  7 death yaks (Lair:7)
  Urug (Lair:3)
  The ghost of Statics the Carver, a novice FoFi of Cheibriados (D:9)
  The ghost of 4thArraOfDagon the Cleaver, a novice MiBe of Trog (D:11)
  8 sea snakes
  5 harpies (Shoals:3)
  An orc knight (Orc:2)
  2 hill giants
  A lindwurm (Lair:7)
  2 fauns
  An orc sorcerer (Orc:2)
  6 griffons
  An ugly thing (D:11)
  9 elephants (Lair:8)
  A siren (Shoals:4)
  4 black mambas
  2 centaur zombies
  2 manticores
  Joseph (D:9)
  13 spiny frogs
  A guardian serpent (D:12)
  4 komodo dragons
  3 fire drakes
  2 wind drakes (Shoals:4)
  18 merfolk
  A polar bear (Lair:7)
  5 blink frogs (Lair:7)
  2 slime creatures (Lair:7)
  2 snapping turtles
  A vampire (Volcano)
  8 basilisks (Lab)
  5 water elementals (Shoals:4)
  20 yaks
  A wyvern (Lair:7)
  5 hippogriffs
  6 hungry ghosts
  A warg (Orc:1)
  5 porcupines (Lair:7)
  5 water moccasins
  A phantom (D:9)
  4 centaurs
  2 orc warriors
  7 giant frogs
  8 crocodiles
  2 big kobolds
  7 wights
  A scorpion (D:11)
  2 crimson imps
  A giant frog zombie (D:12)
  A hound (D:9)
  A centaur skeleton (D:8)
  5 orc priests
  2 jellies (Lair:7)
  A giant frog skeleton (D:12)
  4 iguanas
  7 orc wizards
  A worker ant (D:4)
  A wasp simulacrum (D:10)
  A worker ant zombie (D:6)
  2 mummies (Volcano)
  8 adders
  15 river rats
  2 shadow imps
  A white imp (D:10)
  An ufetubus (D:10)
  A worm (D:3)
  A giant gecko (D:5)
  39 orcs
  2 giant cockroaches
  A goblin (D:3)
  A hobgoblin (D:3)
  3 jackals (D:8)
  A giant newt (D:6)
  12 kobolds
  A rat (D:3)
  A fungus (Lair:5)
  5 plants
340 creatures vanquished.

Vanquished Creatures (collateral kills)
  A komodo dragon (Lair:6)
1 creature vanquished.

Vanquished Creatures (others)
  5 fungi (Lair:8)
  9 plants
14 creatures vanquished.

Grand Total: 355 creatures vanquished

Notes
Turn   | Place    | Note
--------------------------------------------------------------
     0 | D:1      | 4thArraOfDagon the Minotaur Berserker began the quest for the Orb.
     0 | D:1      | Reached XP level 1. HP: 19/19 MP: 0/0
    71 | D:2      | Noticed Natasha
    90 | D:3      | Reached skill level 4 in Axes
    90 | D:3      | Reached XP level 2. HP: 13/27 MP: 1/1
   178 | D:3      | Reached XP level 3. HP: 12/33 MP: 2/2
   242 | D:4      | Reached skill level 5 in Axes
   242 | D:4      | Reached XP level 4. HP: 19/40 MP: 3/3
   309 | D:4      | Found a radiant altar of Vehumet.
   312 | D:4      | Found a snail-covered altar of Cheibriados.
   312 | D:4      | Found a shadowy altar of Dithmenos.
   318 | D:4      | Found a blossoming altar of Fedhas.
   400 | D:5      | Entered Level 5 of the Dungeon
   441 | D:5      | Reached ** piety under Trog
   441 | D:5      | Reached XP level 5. HP: 41/47 MP: 4/4
   497 | D:6      | Noticed a centaur
   504 | D:6      | Killed a centaur
   504 | D:6      | Reached skill level 6 in Axes
   510 | D:6      | Reached skill level 5 in Fighting
   510 | D:6      | Reached XP level 6. HP: 46/56 MP: 5/5
   521 | D:6      | Noticed Nicoed's ghost (novice DrTm)
   610 | D:8      | Noticed Erolcha
   613 | D:8      | Reached skill level 7 in Axes
   620 | D:8      | Killed Erolcha
   620 | D:8      | Reached skill level 9 in Axes
   620 | D:8      | Reached skill level 5 in Armour
   620 | D:8      | Reached XP level 7. HP: 35/64 MP: 6/6
   620 | D:8      | Reached XP level 8. HP: 38/71 MP: 7/7
   711 | D:8      | Found a sparkling altar of Nemelex Xobeh.
   832 | D:9      | Reached skill level 10 in Axes
   915 | D:9      | Noticed Joseph
   919 | D:9      | Noticed Statics's ghost (novice FoFi)
   923 | D:9      | Killed Joseph
   925 | D:9      | Reached XP level 9. HP: 80/80 MP: 8/8
   929 | D:9      | Killed Statics's ghost
   929 | D:9      | Reached skill level 11 in Axes
   960 | D:10     | Entered Level 10 of the Dungeon
   960 | D:10     | Noticed a hill giant
  1006 | D:10     | Found Ruukk's Jewellery Shop.
  1056 | D:11     | Noticed a purple ugly thing
  1070 | D:11     | Killed a purple ugly thing
  1081 | D:11     | Gained mutation: You can breathe flames. [mutagenic meat]
  1132 | D:11     | Noticed 4thArraOfDagon's ghost (novice MiBe)
  1187 | D:11     | Killed 4thArraOfDagon's ghost
  1187 | D:11     | Reached skill level 12 in Axes
  1228 | D:12     | Noticed a centaur zombie
  1244 | D:12     | Killed a centaur zombie
  1244 | D:12     | Reached XP level 10. HP: 62/91 MP: 9/9
  1303 | D:13     | Noticed a hill giant
  1347 | D:12     | Noticed a guardian serpent
  1355 | D:12     | Killed a guardian serpent
  1360 | D:12     | Gained mutation: Your flesh is cold resistant. [mutagenic meat]
  1361 | D:12     | Gained mutation: You are agile. (Dex +2) [mutagenic meat]
  1362 | D:12     | Gained mutation: You have large cloven feet. [mutagenic meat]
  1363 | D:12     | Gained mutation: You are partially covered in yellow scales (AC +2). [mutagenic meat]
  1364 | D:12     | Gained mutation: You evolve. [mutagenic meat]
  1418 | D:12     | Noticed a manticore
  1461 | D:11     | Noticed a hill giant
  1469 | D:11     | Killed a hill giant
  1469 | D:11     | Reached skill level 13 in Axes
  1469 | D:11     | Reached skill level 1 in Evocations
  1503 | D:10     | Noticed a hill giant
  1511 | D:10     | Reached *** piety under Trog
  1514 | D:10     | Killed a hill giant
  1514 | D:10     | Reached skill level 10 in Fighting
  1565 | D:10     | Found a staircase to the Orcish Mines.
  1577 | D:10     | Noticed a komodo dragon
  1582 | D:10     | Killed a komodo dragon
  1655 | D:8      | Found a staircase to the Lair.
  1657 | D:8      | Noticed a hungry ghost
  1678 | D:8      | Killed a hungry ghost
  1713 | Orc:1    | Entered Level 1 of the Orcish Mines
  1883 | Orc:2    | Reached **** piety under Trog
  1886 | Orc:2    | Found a roughly hewn altar of Beogh.
  1903 | Orc:2    | Noticed an orc sorcerer
  1905 | Orc:2    | Noticed an orc knight
  1913 | Orc:2    | Killed an orc sorcerer
  1913 | Orc:2    | Reached skill level 10 in Armour
  1918 | Orc:2    | Killed an orc knight
  1918 | Orc:2    | Reached XP level 11. HP: 31/101 MP: 12/12
  2041 | D:10     | Bought the ring "Imoikhap" {rPois Str+4 Int+3 Stlth+} for 667 gold pieces
  2099 | Lair:1   | Entered Level 1 of the Lair of Beasts
  2111 | Lair:1   | Reached skill level 14 in Axes
  2150 | Lair:1   | Found a labyrinth entrance.
  2160 | Lab      | Entered a labyrinth
  2216 | Lab      | Gained mutation: You are partially covered in thin metallic scales (AC +2). [evolution]
  2566 | Lab      | Noticed a minotaur
  2575 | Lab      | Killed a minotaur
  2589 | Lair:1   | Identified a +4 rod of the swarm (5/14) (You took it off a minotaur in a labyrinth)
  2753 | Lair:3   | Noticed Urug
  2768 | Lair:3   | Killed Urug
  2815 | Lair:3   | Reached skill level 15 in Axes
  3102 | Lair:6   | Reached skill level 5 in Evocations
  3120 | Lair:6   | Found a dark tunnel.
  3129 | Volcano  | Entered a volcano
  3322 | Lair:7   | Noticed a death yak
  3322 | Lair:7   | Noticed a death yak
  3322 | Lair:7   | Noticed a death yak
  3322 | Lair:7   | Noticed a death yak
  3333 | Lair:7   | Killed a death yak
  3333 | Lair:7   | Reached XP level 12. HP: 66/110 MP: 14/14
  3335 | Lair:7   | Killed a death yak
  3336 | Lair:7   | Killed a death yak
  3336 | Lair:7   | Reached skill level 16 in Axes
  3340 | Lair:7   | Killed a death yak
  3448 | Lair:7   | Noticed Nicoed's ghost (journeyman DrFE)
  3460 | Lair:7   | :)
  3465 | Lair:7   | Found a staircase to the Slime Pits.
  3578 | Lair:8   | Entered Level 8 of the Lair of Beasts
  3683 | Lair:8   | Noticed an anaconda
  3689 | Lair:8   | Killed an anaconda
  3723 | Lair:8   | Noticed a dire elephant
  3723 | Lair:8   | Noticed a dire elephant
  3731 | Lair:8   | Killed a dire elephant
  3731 | Lair:8   | Reached skill level 17 in Axes
  3734 | Lair:8   | Killed a dire elephant
  3749 | Lair:8   | Got a coiled bronze ring
  3753 | Lair:8   | Identified the ring of Quokk {*Corrode rN++ Int+2 Dex+3 Stlth+} (You found it on level 8 of the Lair of Beasts)
  3775 | Lair:8   | Noticed a dire elephant
  3785 | Lair:8   | Killed a dire elephant
  3823 | Lair:8   | Noticed a dire elephant
  3830 | Lair:8   | Killed a dire elephant
  3864 | Lair:8   | Noticed a dire elephant
  3872 | Lair:8   | Killed a dire elephant
  3899 | Lair:8   | Noticed a dire elephant
  3931 | Lair:8   | Killed a dire elephant
  3991 | Lair:8   | Reached skill level 18 in Axes
  3991 | Lair:8   | Reached XP level 13. HP: 116/116 MP: 15/15
  4013 | Lair:8   | Got a pair of distressingly furry gloves
  4023 | Lair:8   | Identified the +0 pair of gloves "Wen Hisch" {Str+6} (You found it on level 8 of the Lair of Beasts)
  4112 | Lair:8   | Noticed an eight-headed hydra
  4117 | Lair:8   | Noticed a four-headed hydra
  4122 | Lair:8   | Killed a seven-headed hydra
  4131 | Lair:8   | Killed a one-headed hydra
  4158 | Lair:7   | Noticed a death yak
  4158 | Lair:7   | Noticed a death yak
  4163 | Lair:7   | Noticed a death yak
  4168 | Lair:7   | Noticed a lindwurm
  4171 | Lair:7   | Noticed a four-headed hydra
  4188 | Lair:7   | Killed a death yak
  4188 | Lair:7   | Reached skill level 19 in Axes
  4191 | Lair:7   | Killed a death yak
  4192 | Lair:7   | Killed a lindwurm
  4195 | Lair:7   | Killed a death yak
  4196 | Lair:7   | Killed a two-headed hydra
  4482 | Lair:4   | Found a staircase to the Shoals.
  4504 | Shoals:1 | Entered Level 1 of the Shoals
  4727 | Shoals:3 | Found Feixkid's Antique Weapon Shop.
  4753 | Shoals:3 | Reached skill level 20 in Axes
  4805 | Shoals:3 | Reached XP level 14. HP: 113/124 MP: 16/16
  4904 | Shoals:3 | Reached skill level 15 in Armour
  4983 | Shoals:3 | Gained mutation: You passively map a small area around you. [evolution]
  4991 | Shoals:4 | Entered Level 4 of the Shoals
  5053 | Shoals:4 | worst ending
  5053 | Shoals:4 | welcome to open area
  5053 | Shoals:4 | and wake up full level :D
  5053 | Shoals:4 | was good char
  5306 | Shoals:4 | :(
  5404 | Shoals:4 | Noticed Ilsuiw
  5443 | Shoals:4 | Found Lang's Weapon Boutique.
  5479 | Shoals:4 | HP: 3/127 [sea snake (7)]
  5479 | Shoals:4 | Hit by a large rock thrown by a cyclops

Action                   |  1- 3 |  4- 6 |  7- 9 | 10-12 | 13-15 || total
-------------------------+-------+-------+-------+-------+-------++-------
Melee: Hand axe          |    15 |       |       |       |       ||    15
       War axe           |    12 |    51 |    18 |       |       ||    81
       Battleaxe         |       |       |    53 |   352 |   301 ||   706
Throw: Throwing net      |       |       |       |       |     5 ||     5
Invok: Berserk           |     3 |     2 |     4 |    20 |     7 ||    36
       Trog's Hand       |       |     1 |     3 |    20 |    23 ||    47
Evoke: Wand              |       |       |       |       |     7 ||     7
  Use: Potion            |     1 |     2 |       |     3 |     2 ||     8
       Scroll            |       |     5 |     5 |    14 |     4 ||    28
 Stab: Held in net/web   |       |       |       |       |     2 ||     2
  Eat: Chunk             |       |     3 |     6 |    26 |    16 ||    51
       Pizza             |       |       |     2 |       |       ||     2
       Royal jelly       |       |       |       |     2 |       ||     2
       Bread ration      |       |       |       |     3 |       ||     3
       Meat ration       |       |       |       |     2 |       ||     2
       Fruit             |       |       |       |       |     2 ||     2
